 Dungeon Crawl Stone Soup version 0.17-a0-1850-g688e747 (webtiles) character file.

79069 Ijustatesigmund the Whirler (level 16, -17/101 HPs)
             Began as a Halfling Hunter on Sept 19, 2015.
             Was a High Priest of Okawaru.
             Demolished by an orc knight
             ... wielding a cursed -1 war axe
              (22 damage)
             ... on level 4 of the Orcish Mines.
             The game lasted 02:01:38 (31206 turns).

Ijustatesigmund the Whirler (Halfling Hunter)      Turns: 31206, Time: 02:01:39

Health: -17/101    AC: 18    Str: 12    XL:     16   Next: 10%
Magic:  19/24      EV: 36    Int: 10    God:    Okawaru [*****.]
Gold:   2919       SH:  9    Dex: 22    Spells: 3 memorised, 10 levels left

rFire  + . .     SeeInvis .     D - +2 rapier (flame)
rCold  . . .     Clarity  .     K - +2 leather armour {rF+}
rNeg   . . .     SustAt   .     J - +1 buckler
rPois  .         Gourm    .     y - +2 hat
rElec  .         Spirit   .     E - +1 cloak {+Inv}
rCorr  .         Warding  .     r - +2 pair of gloves
rMut   +         Stasis   .     V - +2 pair of boots of the Assassin {DetectMon Stab+ Stlth++}
MR     +....                    q - amulet of resist mutation
Stlth  ++++++++++               v - ring of stealth
                                L - +5 ring of evasion

@: heroism, finesse, very slightly contaminated, hasted, very quick, somewhat
resistant to hostile enchantments, uncannily stealthy
A: mutation resistance 1
a: Heroism, Finesse, Renounce Religion, Evoke Invisibility


You were on level 4 of the Orcish Mines.
You worshipped Okawaru.
Okawaru was extremely pleased with you.
You were not hungry.

You visited 4 branches of the dungeon, and saw 26 of its levels.
You also visited: Sewer, Ossuary and Volcano.

You collected 3069 gold pieces.
You spent 150 gold pieces at shops.

Inventory:

Hand weapons
 d - a -1 short sword
 D - a +2 rapier of flaming (weapon)
 N - a +2 short sword of freezing
 X - a +4 greatsling of flaming
Missiles
 h - 208 stones (quivered)
 j - 4 steel sling bullets
 t - 13 silver sling bullets
 A - 17 poisoned sling bullets
 M - 7 sling bullets of frost
Armour
 p - a +0 cloak of magic resistance
 r - a +2 pair of gloves (worn)
 y - a +2 hat (worn)
 E - a +1 cloak of invisibility (worn)
 J - a +1 buckler (worn)
 K - a +2 leather armour of fire resistance (worn)
 V - the +2 pair of boots of the Assassin (worn) {DetectMon Stab+ Stlth++}
   (You acquired it on level 5 of the Lair of Beasts)

   It makes you much more stealthy.
Jewellery
 g - an uncursed ring of teleportation
 o - an uncursed ring of poison resistance
 q - an amulet of resist mutation (around neck)
 v - a ring of stealth (right hand)
 C - a +3 ring of evasion
 L - a +5 ring of evasion (left hand)
 P - an uncursed ring of protection from fire
 U - an uncursed amulet of resist corrosion
Magical devices
 i - a wand of fireball (7)
 B - a wand of disintegration (13)
 H - a wand of lightning (9)
 W - a wand of fire (5)
 Y - a wand of draining (5)
Scrolls
 k - 3 scrolls of magic mapping
 s - a scroll of brand weapon
 x - a scroll of fear
 F - 7 scrolls of remove curse
 G - 3 scrolls of recharging
 I - 5 scrolls of identify
 R - a scroll of silence
 S - a scroll of fog
 T - 5 scrolls of teleportation
Potions
 a - 2 potions of agility
 b - 14 potions of curing
 c - a potion of haste
 f - 4 potions of might
 l - a potion of mutation
 m - 4 potions of brilliance
 n - 6 potions of berserk rage
 w - 3 potions of heal wounds
 z - 3 potions of flight
 O - 2 potions of resistance
 Z - 2 potions of invisibility
Comestibles
 e - 9 bread rations
 u - 9 meat rations


   Skills:
 + Level 6.6(11.6) Fighting
 + Level 14.7(19.7) Short Blades
 + Level 15.7(20.7) Slings
 - Level 6.3(11.3) Armour
 - Level 11.5(16.5) Dodging
 + Level 11.7(16.7) Stealth
 - Level 3.2(8.2) Shields
 + Level 1.3 Conjurations
 - Level 5.3 Summonings
 - Level 5.4 Translocations
 + Level 1.6 Air Magic
 + Level 1.2 Poison Magic
 - Level 11.4 Invocations
 - Level 5.0 Evocations


You had 10 spell levels left.
You knew the following spells:

 Your Spells              Type           Power        Failure   Level  Hunger
a - Summon Butterflies    Summ           ##......     8%          1    ##.....
b - Apportation           Tloc           ##........   8%          1    ##.....
c - Mephitic Cloud        Conj/Pois/Air  #.......     85%         3    ####...


Dungeon Overview and Level Annotations

Branches:
Dungeon (13/15)            Temple (1/1) D:7            Lair (8/8) D:10
 Shoals (0/4) Lair:3       Spider (0/4) Lair:6        Slime (0/6) Lair:8
    Orc (4/4) D:9             Elf (0/3) Orc:4
 Vaults: D:13-14

Altars:
Ashenzari
Cheibriados
Dithmenos
Elyvilon
Fedhas
Makhleb
Okawaru
Qazlal
Ru
Trog
Yredelemnul
Zin
The Shining One
Beogh
Jiyva

Shops:
Orc:2 !

Annotations:
Lair:5 exclusion: 4 oklob plants


Innate Abilities, Weirdness & Mutations

You are small and have problems with some larger weapons.
You are somewhat resistant to further mutation.


Message History

The orc knight completely misses you.
The orc priest calls down the wrath of Beogh upon you.
Something smites you!
* * * LOW HITPOINT WARNING * * *
The rust devil completely misses you.
You are too injured to fight recklessly!
You are too injured to fight recklessly!
Read which item? (? for menu, Esc to quit)
Okay, then.
Drink which item? (? for menu, Esc to quit)
You feel yourself speed up.
The orc high priest calls down the wrath of Beogh upon you.
Something smites you!
* * * LOW HITPOINT WARNING * * *
The orc warrior completely misses you. You block the orc warrior's attack.
The orc knight unwields an uncursed arbalest.
The orc knight wields an uncursed bardiche.
The orc knight completely misses you.
The orc knight hits you with a war axe!!
You die...

###### ###.....### ##..
##.........## ##...o.
.............## ##...o...
.)............###.3ooo...
#.#.#.#.#.#.#.#.#.#o#o#3#
.)(.............oooooo...
.)(.).........#)#ooooo...
...)...........o@ooo3o...
#.#)#.#.#.#.#.#.#4#o#.#.
..............###oo4.....
.............## ##.......
##.........### ##.....
###.....### ##... #######
##


You could see 5 orc knights, a soul eater, 4 orc high priests, 2 sun demons, an
orange demon, a rust devil, 9 orc warriors, 6 orc priests and an orc (frenzied).

Vanquished Creatures
  Gastronok (D:12)
  Kirke (Lair:5)
  Maud (Lair:6)
  The ghost of Goblin1989 the Spear-Bearer, a powerful MiGl of Fedhas (Lair:5)
  Snorg (Orc:3)
  Josephine (D:11)
  8 hydras
  Erolcha (Orc:1)
  2 death yaks (Lair:6)
  An orc high priest (Orc:4)
  Sonja (Lair:4)
  An unseen horror (D:12)
  3 orc knights (Orc:4)
  Pikel (D:4)
  3 hill giants
  4 griffons
  A manticore (D:12)
  An orb spider (Lair:6)
  5 ugly things
  3 toenail golems (Volcano)
  10 elephants
  A centaur zombie (D:8)
  7 black mambas
  A torpor snail (Lair:6)
  26 spiny frogs
  5 komodo dragons
  4 trolls
  2 giant leeches (Lair:8)
  A slime creature (D:9)
  A two-headed ogre (D:8)
  A snapping turtle (Lair:3)
  17 blink frogs
  Sigmund (D:4)
  3 wyverns
  4 wraiths (D:11)
  6 humans (Volcano)
  5 basilisks
  73 yaks
  4 hungry ghosts
  A fire elemental (Lair:7)
  2 wargs
  6 hogs (Lair:5)
  8 hippogriffs
  A mottled dragon (D:11)
  5 vampire mosquitoes
  4 wolves (Lair:3)
  11 water moccasins
  A soldier ant (D:10)
  Duvessa (D:6)
  9 ice beasts
  4 sky beasts
  11 porcupines
  4 black bears
  24 orc warriors
  2 phantoms
  12 ogres
  8 centaurs
  A wasp (D:11)
  15 crocodiles
  3 elf zombies (Ossuary)
  3 big kobolds
  33 giant frogs
  A wyvern zombie (D:11)
  4 scorpions
  12 killer bees
  Dowan (D:6)
  9 wights
  6 jellies
  3 electric eels
  5 crimson imps
  2 lava snakes (Lair:7)
  29 orc wizards
  A giant frog skeleton (D:12)
  2 hounds
  A human zombie (Ossuary)
  Crazy Yiuf (D:6)
  35 orc priests
  3 centaur skeletons
  8 worker ants
  8 iguanas
  7 hell rats (Lair:7)
  A killer bee zombie (D:9)
  28 sheep
  3 mummies
  3 worker ant zombies
  17 adders
  20 river rats
  3 shadow imps
  An ooze (D:3)
  An adder skeleton (D:8)
  2 adder zombies (Ossuary)
  7 worms
  201 orcs
  2 ball pythons
  6 bats
  2 giant cockroaches
  7 goblins
  5 hobgoblins
  12 jackals
  7 quokkas
  A giant gecko (D:1)
  A giant gecko skeleton (D:5)
  6 giant newts
  A goblin zombie (Ossuary)
  10 hobgoblin zombies (Ossuary)
  A jackal zombie (Ossuary)
  19 kobolds
  7 kobold zombies (Ossuary)
  9 orc zombies (Ossuary)
  12 rats
  3 rat zombies (Ossuary)
  A fire vortex (Lair:7)
  2 fungi
921 creatures vanquished.

Vanquished Creatures (others)
  An orc priest (Orc:4)
  3 orcs
  A giant newt (D:4)
  5 fungi
  2 plants
12 creatures vanquished.

Grand Total: 933 creatures vanquished

Notes
Turn   | Place    | Note
--------------------------------------------------------------
     0 | D:1      | Ijustatesigmund the Halfling Hunter began the quest for the Orb.
     0 | D:1      | Reached XP level 1. HP: 14/14 MP: 1/1
   146 | D:1      | Reached skill level 6 in Slings
   214 | D:1      | Reached XP level 2. HP: 19/19 MP: 2/2
   547 | D:1      | Reached XP level 3. HP: 24/24 MP: 3/3
   776 | D:2      | Reached skill level 7 in Slings
   810 | D:2      | Reached XP level 4. HP: 8/29 MP: 1/4
  1054 | D:1      | HP: 1/29 [worm (2)]
  1583 | D:2      | Reached XP level 5. HP: 34/34 MP: 5/5
  1627 | D:2      | Reached skill level 8 in Slings
  2108 | D:4      | Noticed a slave
  2131 | D:4      | Noticed a slave
  2131 | D:4      | Noticed a slave
  2131 | D:4      | Noticed a slave
  2197 | D:4      | Noticed Pikel
  2227 | D:4      | Killed Pikel
  2227 | D:4      | Reached skill level 10 in Slings
  2227 | D:4      | Reached skill level 5 in Dodging
  2227 | D:4      | Reached XP level 6. HP: 17/39 MP: 6/6
  2227 | D:4      | Reached XP level 7. HP: 19/44 MP: 7/7
  2525 | D:4      | Noticed a black bear
  2536 | D:4      | Killed a black bear
  2536 | D:4      | Reached skill level 1 in Short Blades
  2556 | D:4      | Noticed Sigmund
  2588 | D:4      | Killed Sigmund
  2588 | D:4      | Reached skill level 11 in Slings
  2588 | D:4      | Reached XP level 8. HP: 38/51 MP: 2/8
  2623 | D:4      | Found a glowing drain.
  2634 | Sewer    | Entered a sewer
  2802 | Sewer    | Found a glowing silver altar of Zin.
  4040 | D:3      | Found a sacrificial altar of Ru.
  4092 | D:5      | Entered Level 5 of the Dungeon
  4711 | D:5      | Reached XP level 9. HP: 57/57 MP: 9/9
  5014 | D:6      | Noticed Dowan
  5015 | D:6      | Noticed Duvessa
  5442 | D:6      | Reached skill level 5 in Stealth
  5767 | D:6      | Killed Dowan
  5967 | D:6      | Killed Duvessa
  6118 | D:6      | Found a snail-covered altar of Cheibriados.
  6143 | D:6      | Noticed Crazy Yiuf
  6148 | D:6      | Killed Crazy Yiuf
  6148 | D:6      | Reached skill level 5 in Short Blades
  6229 | D:6      | Reached skill level 12 in Slings
  6761 | D:7      | Reached XP level 10. HP: 63/63 MP: 10/10
  6806 | D:7      | Reached skill level 1 in Evocations
  6879 | D:7      | Found a shadowy altar of Dithmenos.
  6881 | D:7      | Found a white marble altar of Elyvilon.
  6881 | D:7      | Found a shattered altar of Ashenzari.
  6894 | D:7      | Found a sand-covered staircase.
  6918 | Ossuary  | Entered an ossuary
  7413 | D:7      | Found a bloodstained altar of Trog.
  7517 | D:7      | Reached skill level 13 in Slings
  7791 | D:7      | Found a staircase to the Ecumenical Temple.
  7797 | Temple   | Entered the Ecumenical Temple
  7806 | Temple   | Became a worshipper of Warmaster Okawaru
  7985 | D:8      | Acquired Okawaru's first power
  8299 | D:8      | Reached skill level 1 in Invocations
  9016 | D:8      | Found a burning altar of Makhleb.
  9134 | D:9      | Reached skill level 14 in Slings
  9134 | D:9      | Reached XP level 11. HP: 46/68 MP: 13/13
  9145 | D:9      | Noticed a hill giant
  9291 | D:9      | Killed a hill giant
  9440 | D:9      | Noticed a purple ugly thing
  9468 | D:9      | Killed a purple ugly thing
 10141 | D:9      | Found a roughly hewn altar of Beogh.
 10141 | D:9      | Found a staircase to the Orcish Mines.
 10822 | D:10     | Entered Level 10 of the Dungeon
 10999 | D:10     | Noticed a hill giant
 11039 | D:10     | Killed a hill giant
 11129 | D:10     | Received a gift from Okawaru
 11435 | D:10     | Reached skill level 1 in Shields
 11709 | D:10     | Found a staircase to the Lair.
 11771 | D:10     | Reached skill level 5 in Invocations
 12798 | D:11     | Noticed Josephine
 12838 | D:11     | Killed Josephine
 12838 | D:11     | Reached XP level 12. HP: 53/74 MP: 13/16
 12876 | D:11     | Reached skill level 10 in Dodging
 12935 | D:11     | Received a gift from Okawaru
 13033 | D:11     | Reached skill level 10 in Short Blades
 13259 | D:11     | Noticed a hill giant
 13269 | D:11     | Killed a hill giant
 13690 | D:11     | Acquired Okawaru's second power
 14001 | D:11     | Received a gift from Okawaru
 14515 | D:12     | Received a gift from Okawaru
 14783 | D:12     | Received a gift from Okawaru
 14807 | D:12     | Noticed Gastronok
 14845 | D:12     | Killed Gastronok
 14845 | D:12     | Reached XP level 13. HP: 25/79 MP: 17/19
 15087 | D:12     | Reached skill level 1 in Armour
 15153 | D:12     | Learned a level 1 spell: Summon Butterflies
 15166 | D:12     | Received a gift from Okawaru
 15190 | D:12     | Found a blossoming altar of Fedhas.
 15201 | D:12     | Reached skill level 1 in Summonings
 15464 | Lair:1   | Entered Level 1 of the Lair of Beasts
 15743 | Lair:1   | Received a gift from Okawaru
 17635 | Lair:2   | Reached skill level 10 in Invocations
 18080 | Lair:2   | Reached skill level 5 in Armour
 19329 | Lair:3   | Found a staircase to the Shoals.
 19639 | Lair:4   | Reached XP level 14. HP: 84/84 MP: 21/21
 19679 | Lair:4   | Reached skill level 5 in Summonings
 19940 | Lair:4   | Noticed Sonja
 20062 | Lair:4   | Identified the Papyrus of Flying Arcane Weapons
 20209 | Lair:4   | Killed Sonja
 20635 | Lair:5   | Received a gift from Okawaru
 20847 | Lair:5   | Noticed Goblin1989's ghost (powerful MiGl)
 20933 | Lair:5   | Killed Goblin1989's ghost
 20933 | Lair:5   | Reached skill level 5 in Fighting
 21044 | Lair:5   | Noticed Kirke
 21480 | Lair:5   | Received a gift from Okawaru
 21495 | Lair:5   | Reached skill level 5 in Evocations
 22137 | Lair:1   | Learned a level 1 spell: Apportation
 22257 | Lair:5   | Killed Kirke
 22257 | Lair:5   | Reached skill level 1 in Translocations
 22476 | Lair:5   | Identified a scroll of acquirement
 22960 | Lair:6   | Found a hole to the Spider Nest.
 23005 | Lair:6   | Noticed Maud
 23105 | Lair:6   | Killed Maud
 23884 | Lair:7   | Found a dark tunnel.
 23905 | Volcano  | Entered a volcano
 23961 | Volcano  | Received a gift from Okawaru
 24115 | Volcano  | Reached XP level 15. HP: 85/95 MP: 16/23
 24348 | Lair:7   | Reached skill level 5 in Translocations
 24726 | Lair:7   | Reached skill level 10 in Stealth
 25312 | Lair:8   | Entered Level 8 of the Lair of Beasts
 25857 | Lair:8   | Reached skill level 15 in Slings
 26032 | Lair:8   | Received a gift from Okawaru
 26550 | Lair:8   | Found a staircase to the Slime Pits.
 26551 | Lair:8   | Found a viscous altar of Jiyva.
 27518 | Lair:1   | Learned a level 3 spell: Mephitic Cloud
 27704 | Orc:1    | Entered Level 1 of the Orcish Mines
 27745 | Orc:1    | Noticed Erolcha
 27775 | Orc:1    | Killed Erolcha
 28371 | Orc:2    | Found Gieshritu's Distillery.
 28416 | Orc:2    | Bought a potion of heal wounds for 50 gold pieces
 28416 | Orc:2    | Bought a potion of heal wounds for 50 gold pieces
 28416 | Orc:2    | Bought a potion of heal wounds for 50 gold pieces
 29226 | Orc:4    | Entered Level 4 of the Orcish Mines
 29381 | Orc:3    | Noticed Snorg
 29410 | Orc:3    | Killed Snorg
 29410 | Orc:3    | Reached skill level 1 in Air Magic
 29439 | Orc:3    | Found a roughly hewn altar of Beogh.
 29782 | Orc:3    | Reached skill level 1 in Poison Magic
 30101 | Orc:3    | Reached XP level 16. HP: 54/101 MP: 24/24
 30747 | Orc:4    | Received a gift from Okawaru
 30752 | Orc:4    | Reached skill level 1 in Conjurations
 31007 | Orc:4    | Found a staircase to the Elven Halls.
 31206 | Orc:4    | HP: 5/101 [orc high priest/divine providence (13)]
 31206 | Orc:4    | Demolished by an orc knight

Vault maps used:
D:1:      minmay_arrival_open_corners, item_on_display_a
D:2:      hex_tiny
D:3:      nicolae_ru_the_path_less_chosen, minivault_5
D:4:      first_bread, portal_sewer_entry_d, uniq_pikel, uniq_sigmund
D:5:      kennysheep_generic_room_15
D:6:      lemuel_round_altar, nicolae_benzene_ring, uniq_duvessa,
          uniq_crazy_yiuf_cottage
D:7:      nicolae_overflow_quartered_altars, minmay_temple_entry_fiery,
          gup_ossuary_entry_pyramid
D:8:      kennysheep_mini
D:9:      kennysheep_big_flooded_room, david_orc_5
D:10:     david_lair_generic
D:11:     uniq_josephine
D:12:     portal_ice_cave_entry_ice_beasts, hangedman_tree_tricks,
          uniq_gastronok
D:13:     david_vaults_2, david_defended_altar_orc
Temple:   circular_temple_12
Lair:2:   eino_small_chamber_without_monster
Lair:3:   minmay_shoals_entry_hut, grunt_forest_small_clearing_treed
Lair:4:   lemuel_old_faithful, uniq_sonja
Lair:5:   dpeg_oklob_gauntlet, serial_bayou_ford_a, uniq_kirke
Lair:6:   nicolae_spider_entry_orb_guardian, uniq_maud
Lair:7:   nicolae_volcano_entry_lava_flow
Lair:8:   minmay_lair_end_frog_pond, slime_altar_1
Orc:1:    uniq_erolcha
Orc:2:    serial_shops, shop
Orc:3:    basic_altar, nicolae_orc_pool_cavern, uniq_snorg
Orc:4:    st_orc_pillars, serial_shops, nicolae_shop_behind_doors
Sewer:    sewer_kobolds
Ossuary:  ossuary_tomb_1
Volcano:  volcano_bunker

Action                   |  1- 3 |  4- 6 |  7- 9 | 10-12 | 13-15 | 16-18 || total
-------------------------+-------+-------+-------+-------+-------+-------++-------
Melee: Short sword       |     5 |    19 |    40 |       |   101 |       ||   165
       Hunting sling     |       |     1 |       |     1 |       |       ||     2
       Rapier            |       |       |     5 |   206 |   574 |   214 ||   999
       Greatsling        |       |       |       |       |     1 |       ||     1
 Fire: Hunting sling     |    80 |    83 |   456 |  1326 |  1211 |       ||  3156
       Greatsling        |       |       |       |       |   730 |       ||   730
 Cast: Apportation       |       |       |       |       |     6 |       ||     6
Invok: Heroism           |       |       |       |     2 |     9 |     1 ||    12
       Finesse           |       |       |       |       |     6 |     2 ||     8
 Abil: Evoke Invisibilit |       |       |       |     2 |       |     2 ||     4
  Use: Scroll            |     3 |     2 |    17 |    10 |    16 |     1 ||    49
       Potion            |     2 |     3 |     4 |     8 |     4 |     1 ||    22
 Stab: Sleeping          |       |       |     1 |     1 |    50 |     2 ||    54
       Invisible         |       |       |       |       |       |    14 ||    14
  Eat: Chunk             |       |     3 |    12 |    12 |    16 |     2 ||    45
       Fruit             |       |     1 |     1 |     1 |    18 |       ||    21
       Beef jerky        |       |       |       |     5 |     1 |       ||     6
       Pizza             |       |       |       |     1 |     1 |       ||     2
       Meat ration       |       |       |       |     1 |       |       ||     1
       Bread ration      |       |       |       |       |     2 |     1 ||     3
       Royal jelly       |       |       |       |       |     1 |       ||     1
